 Dungeon Crawl Stone Soup version 0.26.1-11-gd32895ea62 (webtiles) character file.

Game seed: 16431528782906801340

606 0gre the Gusty (level 7, -1/52 HPs)
             Began as a Gnoll Wanderer on June 29, 2021.
             Was an Initiate of Vehumet.
             Slain by Pikel
             ... wielding a +2 whip of electrocution
              (12 damage)
             ... on level 4 of the Dungeon.
             The game lasted 00:24:21 (4043 turns).

0gre the Gusty (Gnoll Wanderer)                     Turns: 4043, Time: 00:24:22

Health: -1/52      AC:  4    Str: 12    XL:     7   Next: 42%
Magic:  15/15      EV: 14    Int: 17    God:    Vehumet [......]
Gold:   165        SH:  0    Dex: 16    Spells: 13/17 levels left

rFire    . . .     SeeInvis +   a - +2 war axe (elec)
rCold    . . .     Faith    .   (no shield)
rNeg     . . .     Spirit   .   c - +0 robe
rPois    .         Reflect  .   (no helmet)
rElec    .         Harm     .   (no cloak)
rCorr    .         Rampage  .   s - +0 pair of gloves
Will     .....                  g - +0 pair of boots
Stlth    ++........             (no amulet)
HPRegen  0.17/turn              p - ring of see invisible
MPRegen  0.14/turn              (no ring)

@: no status effects
A: distributed training, fangs 1, strong nose
a: Renounce Religion


You were on level 4 of the Dungeon.
You worshipped Vehumet.
Vehumet was noncommittal.
You visited 1 branch of the dungeon, and saw 4 of its levels.

You collected 165 gold pieces.

Inventory:

Hand Weapons
 a - a +2 war axe of electrocution (weapon)
 b - a +0 hunting sling
Missiles
 e - 67 arrows
 f - 51 stones
 j - 19 bolts
 q - 3 boomerangs (quivered)
Armour
 c - a +0 robe (worn)
 g - a +0 pair of boots (worn)
 s - a +0 pair of gloves (worn)
Jewellery
 p - a ring of see invisible (left hand)
 v - a +4 ring of protection
Wands
 d - a wand of paralysis (15)
Scrolls
 i - 4 scrolls of remove curse
 n - 2 scrolls of identify {unknown}
 o - 6 scrolls of teleportation
 r - a scroll of amnesia {unknown}
Potions
 h - 3 potions of ambrosia {unknown}
 k - 2 potions of curing {unknown}
 l - a potion of flight {unknown}
 m - a potion of attraction {unknown}
 t - a potion of heal wounds {unknown}
 u - a potion of berserk rage {unknown}
 w - a potion of magic {unknown}


   Skills:
 + Level 3.6 Fighting
 + Level 2.5 Short Blades
 + Level 2.5 Long Blades
 + Level 2.5 Axes
 + Level 2.5 Maces & Flails
 + Level 3.6 Polearms
 + Level 2.5 Staves
 + Level 2.5 Slings
 + Level 2.5 Bows
 + Level 2.5 Crossbows
 + Level 2.5 Throwing
 + Level 2.5 Armour
 + Level 3.6 Dodging
 + Level 2.5 Stealth
 + Level 2.5 Shields
 + Level 2.5 Unarmed Combat
 + Level 5.6 Spellcasting
 + Level 2.0 Conjurations
 + Level 2.0 Hexes
 + Level 2.0 Summonings
 + Level 2.0 Necromancy
 + Level 2.0 Translocations
 + Level 2.0 Transmutations
 + Level 2.0 Fire Magic
 + Level 2.0 Ice Magic
 + Level 5.8 Air Magic
 + Level 2.0 Earth Magic
 + Level 2.0 Poison Magic
 + Level 2.7 Invocations
 + Level 5.2 Evocations


You had 13 spell levels left.
You knew the following spells:

 Your Spells              Type           Power        Failure   Level
a - Swiftness             Air            24%          1%          2
b - Corpse Rot            Necr/Air       N/A          4%          2

Your spell library contained the following spells:

 Spells                   Type           Power        Failure   Level


Dungeon Overview and Level Annotations

Branches:
Dungeon (4/15)             Temple (0/1) D:4

Altars:
Vehumet

Annotations:
D:4 Pikel


Innate Abilities, Weirdness & Mutations

Your experience applies equally to all skills.
You have very sharp teeth.
Your uncanny sense of smell can sniff out nearby items.


Message History

You hear a splash.
Fire: 52 stones
Press: ? - help, Q - select action, (/) - cycle Shift-Dir - straight line, f/p - Pikel
Aim: Pikel, wielding a +2 whip of electrocution and wearing a +0 robe (lightly wounded, 55% to hit)
You shoot a stone. The stone closely misses Pikel.
You hear a splash.
A lemure comes into view.
You hear the crackle of electricity.
a - a +2 war axe of electrocution (weapon)
The lemure shouts!
Pikel hits you with a +2 whip of electrocution.
You hit Pikel but do no damage.
Pikel is lightly wounded.
Pikel hits you but does no damage.
You are electrocuted!
You hit Pikel. Your bite misses Pikel.
Pikel is moderately wounded.
Pikel hits you with a +2 whip of electrocution.
* * * LOW HITPOINT WARNING * * *
You are electrocuted!
You die...

##(.... ##...#
#≈((≈≈≈≈≈≈#...#
.#≈#((...#≈#...#
..≈..(....≈....#
(.
..≈.......≈....#
..
..≈...5...≈(..##
..
..(.5..5K.≈....#
..≈(....5@≈....#
#≈#.....#≈#...#
#≈≈≈≈≈≈)≈≈# ..#
###.....###...#
.............#
##
.....###))...##
.##
#.....##..#####
..# #.....##.##
#.#####.....##.#


You could see Pikel and 4 lemures.

Vanquished Creatures
  Eustachio (D:4)
  2 ogres (D:4)
  An orc priest (D:4)
  3 orc wizards (D:4)
  3 gnolls (D:3)
  5 adders
  An ooze (D:1)
  4 worms
  4 dart slugs
  2 leopard geckos
  5 orcs
  A ball python (D:1)
  10 giant cockroaches
  8 goblins
  9 hobgoblins
  3 jackals (D:2)
  2 quokkas
  12 bats
  2 frilled lizards (D:4)
  7 kobolds
  A leopard gecko skeleton (D:4)
  A quokka skeleton (D:4)
  9 rats
96 creatures vanquished.

Notes
Turn   | Place    | Note
-------+----------+-------------------------------------------
     0 | D:1      | 0gre the Gnoll Wanderer began the quest for the Orb.
     0 | D:1      | 0gre set off with the following items: a +0 dagger, a +0
                  | robe, a wand of paralysis (15); and the following spells
                  | available to memorise: Swiftness, Corpse Rot
     0 | D:1      | Reached XP level 1. HP: 17/17 MP: 6/6
   414 | D:1      | Reached XP level 2. HP: 13/23 MP: 7/7
   884 | D:1      | Reached XP level 3. HP: 28/28 MP: 9/9
   931 | D:1      | Reached skill level 5 in Spellcasting
   945 | D:1      | Learned a level 2 spell: Swiftness
   948 | D:1      | Learned a level 2 spell: Corpse Rot
  1514 | D:2      | Reached skill level 1 in Invocations
  1735 | D:2      | Reached skill level 1 in Short Blades
  1735 | D:2      | Reached skill level 1 in Long Blades
  1735 | D:2      | Reached skill level 1 in Axes
  1735 | D:2      | Reached skill level 1 in Maces & Flails
  1735 | D:2      | Reached skill level 1 in Staves
  1735 | D:2      | Reached skill level 1 in Slings
  1735 | D:2      | Reached skill level 1 in Bows
  1735 | D:2      | Reached skill level 1 in Crossbows
  1735 | D:2      | Reached skill level 1 in Throwing
  1735 | D:2      | Reached skill level 1 in Armour
  1735 | D:2      | Reached skill level 1 in Stealth
  1735 | D:2      | Reached skill level 1 in Shields
  1735 | D:2      | Reached skill level 1 in Unarmed Combat
  1821 | D:2      | Reached XP level 4. HP: 33/34 MP: 11/11
  2266 | D:2      | Found a faded altar of an unknown god.
  2566 | D:3      | Reached skill level 1 in Conjurations
  2566 | D:3      | Reached skill level 1 in Hexes
  2566 | D:3      | Reached skill level 1 in Summonings
  2566 | D:3      | Reached skill level 1 in Necromancy
  2566 | D:3      | Reached skill level 1 in Translocations
  2566 | D:3      | Reached skill level 1 in Transmutations
  2566 | D:3      | Reached skill level 1 in Fire Magic
  2566 | D:3      | Reached skill level 1 in Ice Magic
  2566 | D:3      | Reached skill level 1 in Earth Magic
  2566 | D:3      | Reached skill level 1 in Poison Magic
  2913 | D:3      | Reached XP level 5. HP: 19/40 MP: 12/12
  3335 | D:3      | Found a radiant altar of Vehumet.
  3343 | D:3      | Became a worshipper of Vehumet
  3511 | D:4      | Noticed a lemure
  3514 | D:4      | Noticed Pikel
  3515 | D:4      | Noticed an ogre
  3516 | D:4      | Noticed a lemure
  3517 | D:4      | Noticed a lemure
  3609 | D:4      | Noticed Eustachio
  3625 | D:4      | Killed Eustachio
  3626 | D:4      | Reached skill level 5 in Evocations
  3626 | D:4      | Reached XP level 6. HP: 29/47 MP: 14/14
  3793 | D:4      | Reached XP level 7. HP: 49/52 MP: 15/15
  3944 | D:4      | Found a staircase to the Ecumenical Temple.
  4043 | D:4      | Slain by Pikel

Illustrated notes

Levels and vault maps discovered:
D:1:      dpeg_arrival_signposts, layout_loops_ring, minmay_pentomino_r4
D:2:      layout_loops_ring, chequers_ecumenical_altar_twisty
D:3:      layout_loops_ring, lemuel_coloured_pillars_altar,
          gup_sewer_entry_bowl, nrook_campfire
D:4:      layout_rooms, nicolae_overflow_hidden_temple,
          minmay_temple_entry_water_ring, uniq_eustachio, uniq_pikel

Skill      XL: |  1  2  3  4  5  6  7 |
---------------+----------------------+-----
Spellcasting   | 5 |  5.6
Invocations    | 1 2 |  2.7
Short Blades   | 1 2 |  2.5
Long Blades    | 1 2 |  2.5
Axes           | 1 2 |  2.5
Maces & Flails | 1 2 |  2.5
Staves         | 1 2 |  2.5
Slings         | 1 2 |  2.5
Bows           | 1 2 |  2.5
Crossbows      | 1 2 |  2.5
Throwing       | 1 2 |  2.5
Armour         | 1 2 |  2.5
Stealth        | 1 2 |  2.5
Shields        | 1 2 |  2.5
Unarmed Combat | 1 2 |  2.5
Conjurations   | 1 2 |  2.0
Hexes          | 1 2 |  2.0
Summonings     | 1 2 |  2.0
Necromancy     | 1 2 |  2.0
Translocations | 1 2 |  2.0
Transmutations | 1 2 |  2.0
Fire Magic     | 1 2 |  2.0
Ice Magic      | 1 2 |  2.0
Earth Magic    | 1 2 |  2.0
Poison Magic   | 1 2 |  2.0
Fighting       | 3 |  3.6
Polearms       | 3 |  3.6
Dodging        | 3 |  3.6
Evocations     | 5 |  5.2
Air Magic      | |  5.8

Action                   |  1- 3 |  4- 6 |  7- 9 || total
-------------------------+-------+-------+-------++-------
Melee: Dagger            |    34 |       |       ||    34
       Short sword       |    93 |    49 |       ||   142
       Bite              |    10 |    10 |     1 ||    21
       War axe           |       |    34 |    20 ||    54
 Fire: Hunting sling     |    15 |    74 |    28 ||   117
Throw: Stone             |     6 |       |       ||     6
       Boomerang         |       |     1 |       ||     1
 Cast: Corpse Rot        |     2 |       |       ||     2
       Swiftness         |     1 |     1 |       ||     2
  Use: Scroll            |     1 |     1 |       ||     2
 Stab: Sleeping          |     4 |       |       ||     4
Armor: Robe              |    29 |    13 |     5 ||    47
Dodge: Dodged            |   106 |    70 |    10 ||   186
